 Seeded DCSS version 0.28-a0-425-gd0eccab798 (webtiles) character file.

Game seed: 13282853026876037337 (custom seed)

11 flotson the Sneak (level 2, -11/25 HPs)
             Began as a Djinni Delver on Sept 9, 2021.
             Mangled by a wyvern skeleton (13 damage)
             ... on level 5 of the Dungeon.
             The game lasted 00:01:40 (394 turns).

flotson the Sneak (Djinni Delver)                    Turns: 394, Time: 00:01:41

Health: -11/25     AC:  3    Str: 11    XL:     2   Next: 35%
Gold:   0          EV: 12    Int: 11    God:
                   SH:  0    Dex: 14

rFire   + + .      SeeInvis .     - Unarmed
rCold   x . .      Faith    .   (no shield)
rNeg    . . .      Spirit   .   a - +0 leather armour
rPois   ∞          Reflect  .   (no helmet)
rElec   .          Harm     .   (no cloak)
rCorr   .          Rampage  .   (no gloves)
Will    .....                   (boots unavailable)
Stlth   ++........              (no amulet)
HPRegen 0.08/turn               (no ring)
MPRegen 0.00/turn               (no ring)

@: flying
A: sickness immunity, fire resistance 2, cold vulnerability 1, float, innate
caster, hp casting, extra vitality 1
a: no special abilities


You were on level 5 of the Dungeon.
You visited 1 branch of the dungeon, and saw 1 of its levels.

Inventory:

Armour
 a - a +0 leather armour (worn)
 e - the +2 robe "Ece Otipn" {rF+ SInv}
   (You found it on level 5 of the Dungeon)

   rF:        It protects you from fire.
   SInv:      It lets you see invisible.
Jewellery
 c - an amulet of regeneration
Wands
 f - a wand of digging (3)
Scrolls
 b - a scroll of fog


   Skills:
 + Level 3.2 Fighting
 + Level 0.8 Armour
 + Level 2.5 Dodging
 - Level 4.1 Stealth
 - Level 2.0 Unarmed Combat


You had one spell level left.
You didn't know any spells.
Your spell library was empty.

Dungeon Overview and Level Annotations

Branches:
Dungeon (5/15)
 Temple: D:4-7

Altars:

Annotations:
D:5 Ijyb, Menkaure


Innate Abilities, Weirdness & Mutations

You are immune to sickness and miasma.
You are immune to poison.
Your flesh is very heat resistant. (rF++)
You are vulnerable to cold. (rC-)
You float through the air rather than walking.
You learn spells naturally, not from books.
Your magical power is your life essence.
You have superior vitality. (+4 HP)


Message History

You hit the adder.
The adder is moderately wounded.
The adder bites you but does no damage.
You closely miss the adder.
The adder is moderately wounded.
The adder bites you but does no damage.
You hit the adder but do no damage.
The adder is moderately wounded.
The adder closely misses you.
You hit the adder.
The adder is heavily wounded.
The adder bites you but does no damage. The adder bites you.
* * * LOW HITPOINT WARNING * * *
You barely miss the adder.
The adder is heavily wounded.
The adder bites you.
* * * LOW HITPOINT WARNING * * *
You barely miss the adder.
The adder is heavily wounded.
Ijyb screams, "Me kill you!" The adder bites you.
* * * LOW HITPOINT WARNING * * *
You hit the adder but do no damage.
The adder is heavily wounded.
The adder bites you but does no damage. The adder closely misses you.
You aren't carrying any potions.
As you read the scroll of fear, it crumbles to dust.
You assume a fearsome visage.
Ijyb looks frightened!
The adder looks frightened!
There is an open door here.
You reach down and close the door.
You reach down and open the door.
Found 26 arrows.
A wyvern skeleton comes into view.
There is an open door here.
You reach down and close the door.
Ijyb opens the door.
Ijyb zaps a wand.
The bolt of acid misses you. The wyvern skeleton bites you!
Ouch! That really hurt!
You die...

#....S..# *****,,,
##+#####.#**,,,,,**
#.........#*,,,,,,,
#....g......,,,,,,,
#..g.........,,,,,,
##'#########g..,*,,
#........# *...,*,,
#..Z.....# *,..,***
#.@..(...# *,,,,***
##+#######******,,,
*,* *,,,,,,,,*,,,
*,* *,,,,,,,,*,,,
*,****,,,,,,,,*,,,
*>,,,,,,,,,,,,+,,,
******,,,,,,,,*,,>
*,,,,,,,,****
*,,,,,,,,*


You could see Ijyb and a wyvern skeleton.

Vanquished Creatures
  A howler monkey skeleton (D:5)
  An orc (D:5)
2 creatures vanquished.

Notes
Turn   | Place    | Note
-------+----------+-------------------------------------------
     0 | D:5      | flotson the Djinni Delver began the quest for the Orb.
     0 | D:5      | Reached XP level 1. HP: 20/20 MP: 0/0
   105 | D:5      | Reached XP level 2. HP: 8/25 MP: 0/0
   324 | D:5      | Noticed Menkaure
   328 | D:5      | Identified the +2 robe "Ece Otipn" {rF+ SInv}
   367 | D:5      | Noticed Ijyb
   381 | D:5      | HP: 1/25 [adder (2)]
   394 | D:5      | Mangled by a wyvern skeleton

Illustrated notes

Levels and vault maps discovered:
D:5:      layout_basic, uniq_menkaure, uniq_duvessa, uniq_ijyb

Action                   || total
-------------------------++-------
Melee: Unarmed           ||    21
       Punch             ||     1
  Use: Scroll            ||     3
       Potion            ||     1
Armor: Leather armour    ||     5
Dodge: Dodged            ||     5

Table legend: (Time is in decaauts)
 A = Elapsed time spent in this place.
 B = Non-inter-level travel time spent in this place.
 C = Inter-level travel time spent in this place.
 D = Time resting spent in this place.
 E = Time spent auto-exploring this place.
 F = Levels seen in this place.
 G = Mean time per level.
                   A        B        C        D        E       F      G
               +--------+--------+--------+--------+--------+-----+--------+
         Total |    378 |    378 |      0 |    234 |     18 |   1 |  378.0 |
       Dungeon |    378 |    378 |      0 |    234 |     18 |   1 |  378.0 |
               +--------+--------+--------+--------+--------+-----+--------+

Top non-repeatable levels by time:
     D:5: 378 daAuts
